 Dungeon Crawl Stone Soup version 0.30-a0-860-g512cf1e979 (webtiles) character file.

Game seed: 9622205426455255907

693 cforsyth the Thaumaturge (level 7, -3/36 HPs)
             Began as a Deep Elf Earth Elementalist on Mar 7, 2023.
             Slain by an orc wizard
             ... wielding a +2 dagger of venom
              (5 damage)
             ... on level 5 of the Dungeon.
             The game lasted 00:03:59 (3427 turns).

cforsyth the Thaumaturge (DEEE)                     Turns: 3427, Time: 00:03:59

Health: -3/36      AC:  2    Str:  5    XL:     7   Next: 37%
Magic:  13/20      EV: 13    Int: 22    God:
Gold:   313        SH:  0    Dex: 21    Spells: 21/22 levels left

rFire   . . .      SeeInvis .    (no weapon)
rCold   . . .      Faith    .    (no shield)
rNeg    . . .      Spirit   .    a - +0 robe
rPois   .          Reflect  .    (no helmet)
rElec   .          Rampage  .    (no cloak)
rCorr   .                        (no gloves)
Will    .....                    (no boots)
Stlth   ++                       (no amulet)
HPRegen 0.26/turn                i - ring of wizardry
MPRegen 0.17/turn                m - +6 ring of dexterity

@: no status effects
A: no striking features
a: no special abilities


You were on level 5 of the Dungeon.
You visited 1 branch of the dungeon, and saw 5 of its levels.

You collected 313 gold pieces.

Inventory:

Armour
 a - a +0 robe (worn)
 v - the +1 ring mail of Teakha {Harm +Inv Int+2 Dex+3}
   (You found it on level 4 of the Dungeon)

   Int:       It affects your intelligence (+2).
   Dex:       It affects your dexterity (+3).
   +Inv:      It lets you turn invisible.
   Harm:      It increases damage dealt and taken.
Jewellery
 i - a ring of wizardry (left hand)
 j - a ring of fire
 m - a +6 ring of dexterity (right hand)
Wands
 q - a wand of light (8)
Scrolls
 d - a scroll of magic mapping {unknown}
 e - a scroll of blinking {unknown}
 f - a scroll of silence {unknown}
 h - a scroll of brand weapon {unknown}
 k - 5 scrolls of identify {unknown}
 o - a scroll of noise {unknown}
 p - a scroll of enchant armour {unknown}
 r - a scroll of teleportation {unknown}
 w - a scroll of poison {unknown}
 x - a scroll of torment {unknown}
Potions
 b - a potion of magic
 c - a potion of haste {unknown}
 g - a potion of curing {unknown}
 l - a potion of heal wounds {unknown}
 n - a potion of brilliance {unknown}
 s - a potion of lignification {unknown}
 t - a potion of attraction {unknown}
 u - a potion of invisibility {unknown}


   Skills:
 - Level 2.4 Dodging
 - Level 2.4 Stealth
 + Level 8.1 Spellcasting
 - Level 1.1 Transmutations
 + Level 7.1 Earth Magic


You had 21 spell levels left.
You knew the following spells:

 Your Spells              Type           Power      Damage    Failure   Level
a - Sandblast             Erth           80%        2d17      1%          1

Your spell library contained the following spells:

 Spells                   Type           Power      Damage    Failure   Level
 Passwall                 Tmut/Erth      22%        N/A       1%          2
 Stone Arrow              Conj/Erth      48%        3d10      1%          3
 Cigotuvi's Dreadful Rot  Necr/Pois/Air  16%        N/A       4%          2
 Lesser Beckoning         Tloc           16%        N/A       4%          2
 Poisonous Vapours        Pois/Air       16%        N/A       4%          2
 Petrify                  Tmut/Erth      27%        N/A       6%          4
 Gell's Gravitas          Tloc           8%         N/A       9%          3
 Mephitic Cloud           Conj/Pois/Air  8%         N/A       9%          3
 Teleport Other           Tloc           8%         N/A       9%          3


Dungeon Overview and Level Annotations

Branches:
Dungeon (5/15)
 Temple: D:4-7

Altars:
Elyvilon
Fedhas

Shops:
D:1 [


Message History

Press: ? - help, Shift-Dir - straight line, f/p - orc priest
Aim: an orc priest, wielding a +0 club and wearing a +0 leather armour (84% to hit)
The blast of sand hits the orc priest.
The orc priest is severely wounded.
Unknown command.
Casting: Sandblast (safe; 1% risk of failure)
Confirm with . or Enter, or press ? or * to list all spells.
Aiming: Sandblast (safe; 1% risk of failure)
Press: ? - help, Shift-Dir - straight line, f/p - orc priest
Aim: an orc priest, wielding a +0 club and wearing a +0 leather armour (84% to hit)
The blast of sand hits the orc priest!
The orc priest is almost dead.
The orc priest calls down the wrath of Beogh upon you.
You struggle to resist.
The orc priest hits you but does no damage.
The orc priest hits you with a +0 short sword.
The orc priest mumbles some strange prayers to Beogh against you.
Pain shoots through your body!
Unknown command.
Sorry, you're not good enough to have a special ability.
Casting: Sandblast (safe; 1% risk of failure)
Confirm with . or Enter, or press ? or * to list all spells.
Aiming: Sandblast (safe; 1% risk of failure)
Press: ? - help, Shift-Dir - straight line, f/p - orc priest
Aim: an orc priest, wielding a +0 club and wearing a +0 leather armour (almost dead, 84% to hit)
The blast of sand hits the orc priest!!
You kill the orc priest!
The orc priest calls down the wrath of Beogh upon you.
Beogh smites you!
* * * LOW HITPOINT WARNING * * *
Okay, then.
Casting: Sandblast (safe; 1% risk of failure)
Confirm with . or Enter, or press ? or * to list all spells.
Aiming: Sandblast (safe; 1% risk of failure)
Press: ? - help, Shift-Dir - straight line, f - orc priest
Aim: an orc priest, wielding a +0 short sword and wearing a +0 leather armour (severely wounded, 85% to hit)
The blast of sand hits the orc priest!!
You kill the orc priest!
Something hits you.
You die...

......## ##..#
...†...# ##...#
.......## #..#.#
........#####.##.#
......#.##.......#
......#..#.......#
##....##...##.##.#
#....+......>##.#
#....##########@#
#.... ...).).)#
##### #########


There were no monsters in sight!

Vanquished Creatures
  Menkaure (D:4)
  An ogre (D:4)
  2 phantoms
  A jelly (D:4)
  2 orc priests (D:5)
  3 iguanas (D:4)
  A sleepcap (D:4)
  4 gnolls (D:2)
  6 adders
  A white imp (D:5)
  2 worms (D:3)
  2 dart slugs
  6 orcs
  7 ball pythons
  7 bats
  3 endoplasms
  6 giant cockroaches
  7 goblins
  4 hobgoblins
  A quokka (D:1)
  3 frilled lizards
  10 kobolds
  8 rats
88 creatures vanquished.

Vanquished Creatures (others)
  8 plants (D:3)
8 creatures vanquished.

Grand Total: 96 creatures vanquished

Notes
Turn   | Place    | Note
-------+----------+-------------------------------------------
     0 | D:1      | cforsyth the Deep Elf Earth Elementalist began the quest
                  | for the Orb.
     0 | D:1      | Reached XP level 1. HP: 10/10 MP: 6/6
   237 | D:1      | Reached XP level 2. HP: 15/15 MP: 5/8
   459 | D:1      | Found Acwy's Armour Emporium.
   943 | D:2      | Reached skill level 4 in Spellcasting
   943 | D:2      | Reached XP level 3. HP: 19/19 MP: 5/10
  1313 | D:2      | Found a faded altar of an unknown god.
  1346 | D:2      | Reached XP level 4. HP: 24/24 MP: 10/12
  1964 | D:3      | Reached skill level 5 in Spellcasting
  2031 | D:3      | Identified the +6 dagger "Tizxa" {freeze, rElec rN+ rCorr
                  | Int-2}
  2572 | D:4      | Found a white marble altar of Elyvilon.
  2578 | D:4      | Reached skill level 5 in Earth Magic
  2578 | D:4      | Reached XP level 5. HP: 28/28 MP: 12/14
  2647 | D:4      | Noticed Menkaure
  2652 | D:4      | Killed Menkaure
  2653 | D:4      | Reached skill level 6 in Spellcasting
  2679 | D:4      | Reached XP level 6. HP: 32/32 MP: 14/17
  2811 | D:4      | Reached skill level 7 in Spellcasting
  2968 | D:4      | Found a blossoming altar of Fedhas.
  3022 | D:4      | Reached XP level 7. HP: 22/36 MP: 15/20
  3079 | D:4      | Identified the +1 ring mail of Teakha {Harm +Inv Int+2
                  | Dex+3}
  3299 | D:5      | Entered Level 5 of the Dungeon
  3371 | D:5      | Reached skill level 8 in Spellcasting
  3427 | D:5      | Slain by an orc wizard

Illustrated notes

Levels and vault maps discovered:
D:1:      roderic_dead_forest, layout_basic, serial_shops, nicolae_square_shop,
          minmay_misc_feat_x, minivault_23, minivault_24, minmay_tripent
D:2:      layout_loops_corners, hellmonk_ecumenical_altar_blasted
D:3:      layout_rooms, lexackson_kobold_supper
D:4:      layout_cave_pools, nicolae_overflow_crystal_walls, lemuel_round_altar,
          chequers_serial_rivers_small_a, uniq_menkaure
D:5:      layout_basic

Skill      XL: |  1  2  3  4  5  6  7 |
---------------+----------------------+-----
Spellcasting   | 4 5 6 7 8 |  8.1
Earth Magic    | 4 5 6 7 |  7.1
Dodging        | |  2.4
Stealth        | |  2.4
Transmutations | |  1.1

Action                     |  1- 3 |  4- 6 |  7- 9 || total
---------------------------+-------+-------+-------++-------
  Melee: Unarmed           |       |     1 |       ||     1
   Cast: Sandblast         |    43 |    77 |    21 ||   141
 Armour: Robe              |     1 |     2 |     1 ||     4
  Dodge: Dodged            |     7 |    12 |     3 ||    22

Table legend: (Time is in decaauts)
 A = Elapsed time spent in this place.
 B = Non-inter-level travel time spent in this place.
 C = Inter-level travel time spent in this place.
 D = Time resting spent in this place.
 E = Time spent auto-exploring this place.
 F = Levels seen in this place.
 G = Mean time per level.
                   A        B        C        D        E       F      G
               +--------+--------+--------+--------+--------+-----+--------+
         Total |   3496 |   3374 |    122 |      0 |   2937 |   5 |  699.2 |
       Dungeon |   3496 |   3374 |    122 |      0 |   2937 |   5 |  699.2 |
               +--------+--------+--------+--------+--------+-----+--------+

Top non-repeatable levels by time:
     D:2: 1051 daAuts
     D:1: 910 daAuts
     D:4: 803 daAuts
     D:3: 594 daAuts
     D:5: 136 daAuts
